 Dungeon Crawl Stone Soup version 0.29-a0-371-g91724d5b39 (webtiles) character file.

Game seed: 13726468049386389879

945 puppykicker the Bolt Thrower (level 7, -5/82 HPs)
             Began as a Pale Draconian Arcane Marksman on May 2, 2022.
             Slain by an ogre
             ... wielding a +0 giant club
              (23 damage)
             ... on level 6 of the Dungeon.
             The game lasted 00:19:54 (5649 turns).

puppykicker the Bolt Thrower (DrAM)                 Turns: 5649, Time: 00:19:56

Health: -5/82      AC: 23    Str: 16    XL:     7   Next: 89%
Magic:  8/21       EV:  2    Int: 14    God:
Gold:   322        SH:  0    Dex: 13    Spells: 1/12 levels left

rFire   . . .      SeeInvis .   a - +0 hand crossbow
rCold   . . .      Faith    .   (no shield)
rNeg    . . .      Spirit   .   (body armour unavailable)
rPois   +          Reflect  .   (helmet currently unavailable)
rElec   .          Harm     .   (cloak currently unavailable)
rCorr   .          Rampage  .   (gloves currently unavailable)
Will    .....      NoTele   +   (boots currently unavailable)
Stlth   +.........              (no amulet)
HPRegen 0.23/turn               x - ring "Roupn" {rPois MP+9 Str+4}
MPRegen 0.17/turn               W - ring of wizardry {Wiz+}

@: tree-form, freezing walls, very slightly contaminated, slowed, very slow
A: stationary, stasis, torment immunity, boosted hp, (breathe steam), AC +6,
unfitting armour, (cold-blooded), (steam resistance)
a: no special abilities


You were on level 6 of the Dungeon.
You were a tree.
You visited 1 branch of the dungeon, and saw 6 of its levels.

You collected 322 gold pieces.

Inventory:

Hand Weapons
 a - a +0 hand crossbow (weapon)
 b - a +1 hand axe of flaming
Missiles
 i - 8 poisoned darts
 w - 5 curare-tipped darts
Armour
 h - a +0 pair of boots (melded)
 l - a +0 pair of gloves (melded)
 q - a +0 cloak (melded)
Jewellery
 c - a ring of ice {rC+, rF-}
 p - a ring of willpower
 x - the ring "Roupn" (left branch) {rPois MP+9 Str+4}
   (You found it on level 5 of the Dungeon)

   [ring of magical power]

   Str:       It affects your strength (+4).
   rPois:     It protects you from poison.
   MP:        It affects your magic capacity (+9).
 S - a ring of see invisible
 W - a ring of wizardry (right branch) {Wiz+}
Wands
 D - a wand of digging (5)
Scrolls
 d - 2 scrolls of amnesia
 e - 6 scrolls of vulnerability {!r!r}
 k - a scroll of summoning
 r - 2 scrolls of torment {unknown}
 s - a scroll of brand weapon {unknown}
 t - 9 scrolls of teleportation
 B - 2 scrolls of blinking {!r}
Potions
 f - a potion of haste
 g - 2 potions of curing
 j - a potion of lignification {!q}
 m - a potion of flight
 n - a potion of resistance
 o - a potion of brilliance
 u - a potion of ambrosia {unknown}
 v - a potion of berserk rage {!q}


   Skills:
 - Level 2.0 Fighting
 * Level 6.8 Crossbows
 - Level 2.0 Dodging
 + Level 3.4 Spellcasting
 - Level 3.0 Hexes
 - Level 2.0 Translocations
 - Level 2.0 Ice Magic


You had one spell level left.
You knew the following spells:

 Your Spells              Type           Power      Damage    Failure   Level
d - Frozen Ramparts       Ice            14%        1d3       11%         3
e - Cause Fear            Hex            5%         N/A       24%         4
f - Portal Projectile     Hex/Tloc       18%        N/A       9%          3
s - Slow                  Hex            40%        N/A       2%          1

Your spell library contained the following spells:

 Spells                   Type           Power      Damage    Failure   Level
 Static Discharge         Conj/Air       2%         N/A       12%         2
 Inner Flame              Hex/Fire       6%         N/A       13%         3
 Ice Form                 Ice/Tmut       5%         N/A       45%         4
 Summon Ice Beast         Ice/Summ       5%         N/A       45%         4
 Lightning Bolt           Conj/Air       1%         1d12      89%         5
 Maxwell's Capacitive Co  Air            1%         ∞         100%        8


Dungeon Overview and Level Annotations

Branches:
Dungeon (6/15)
 Temple: D:4-7

Altars:
Sif Muna
The Shining One

Shops:
D:4 *


Innate Abilities, Weirdness & Mutations

You are a tree.
Your roots penetrate the ground, keeping you stationary.
You cannot be teleported.
You are immune to unholy pain and torment.
Your maximum health is greatly increased.
Your equipment is partially melded.
((You can breathe blasts of scalding, opaque steam.))
((Your pale cyan-grey scales are hard. (AC +6)))
You cannot fit into any form of body armour.
((You are cold-blooded and may be slowed by cold attacks.))
((You are immune to the effects of steam.))


Message History

Multicoloured lights dance before your eyes.
Your magical effects are unravelling.
You feel yourself slow down.
The frozen ramparts melt away.
The ogre misses you. The water moccasin misses you.
You now have 15/21 mp.
Casting: Cause Fear (quite dangerous; 24% risk of failure)
The spell is quite dangerous to miscast (24% risk of failure)!
Continue anyway?
Casting: Cause Fear (quite dangerous; 24% risk of failure)
Press: ? - help, Dir - look around, f - activate The orc looks frightened!
The water moccasin easily resists.
The ogre looks frightened!
The water moccasin bites you but does no damage.
You now have 11/21 mp.
Casting: Cause Fear (quite dangerous; 24% risk of failure)
Casting: Frozen Ramparts (dangerous; 11% risk of failure)
Press: ? - help, Dir - look around, f - activate The walls around you are covered in ice.
The wall freezes the ogre.
Your attack snaps the ogre out of its fear.
The wall freezes the water moccasin.
The water moccasin bites you.
The wall freezes the ogre.
The ogre hits you with a +0 giant club!!
* * * LOW HITPOINT WARNING * * *
The wall freezes the water moccasin.
The water moccasin seems to slow down.
The water moccasin completely misses you.
You take 32 damage, and have 11/55 hp.
MASSIVE DAMAGE!!
You now have 8/21 mp.
Really quaff
j - 2 potions of lignification {!q}?
Really quaff the potion of lignification?
You turn into a tree.
Your +0 cloak melds into your body.
Your +0 pair of gloves melds into your body.
Your +0 pair of boots melds into your body.
Your roots penetrate the ground.
The wall freezes the water moccasin.
The water moccasin seems to slow down.
The water moccasin bites you but does no damage.
The wall freezes the ogre.
The ogre hits you with a +0 giant club!!
You die...

####### .......
....... .......
.......##
.......O##
.o.....<♣#
.......).S....#
##...##.......#
#.. #.........
#. #......... #
#.........
..........
.........#


You could see a water moccasin (slow), an ogre and an orc (fleeing).

Levels and vault maps discovered:
D:1:      sevenhm_arrival_forest_fort_large_2, layout_rooms
D:2:      layout_basic, basic_altar, minmay_tiny_reverse_x
D:3:      kb_forest_paths, layout_basic, chequers_ecumenical_altar_lobes,
          minmay_misc_feat_pillars, palyth_stone_intersect
D:4:      layout_loops_ring, kennysheep_mini_moat,
          nicolae_shop_sticking_my_neck_out
D:5:      nicolae_cairo_tiling_large_dashed, layout_cave_pools
D:6:      layout_rooms, minmay_temple_entry_proselytizer, serial_shops,
          nicolae_take_the_stairs, minmay_misc_feat_five

Notes
Turn   | Place    | Note
-------+----------+-------------------------------------------
     0 | D:1      | puppykicker the Draconian Arcane Marksman began the quest
                  | for the Orb.
     0 | D:1      | Reached XP level 1. HP: 16/16 MP: 2/2
   118 | D:1      | Identified a +0 scale mail
   135 | D:1      | Reached skill level 2 in Crossbows
   150 | D:1      | Identified a +1 hand axe of flaming
   273 | D:1      | Identified a +0 hand crossbow
   283 | D:1      | Reached XP level 2. HP: 23/23 MP: 3/3
   306 | D:1      | Reached skill level 2 in Dodging
   572 | D:1      | Identified a +0 dagger
   630 | D:1      | Identified a +0 pair of boots
   656 | D:1      | Identified a +0 short sword
   766 | D:1      | Identified a +0 dagger
   768 | D:1      | Reached XP level 3. HP: 29/29 MP: 5/5
   775 | D:1      | Identified a +0 mace
   796 | D:1      | Identified a +0 robe
   873 | D:1      | Learned a level 3 spell: Frozen Ramparts
   927 | D:2      | Found a shimmering blue altar of Sif Muna.
   993 | D:2      | Reached skill level 3 in Hexes
  1000 | D:2      | Identified a +0 pair of gloves
  1125 | D:2      | Identified a ring of see invisible
  1135 | D:2      | Identified a +0 dagger
  1143 | D:2      | HP: 7/29 [frozen (2)]
  1145 | D:2      | Reached skill level 2 in Fighting
  1383 | D:2      | Identified a +0 leather armour
  1417 | D:2      | Identified a ring of willpower
  1423 | D:2      | Identified 3 scrolls of identify
  1423 | D:2      | Identified a potion of resistance
  1424 | D:2      | Identified a potion of lignification
  1425 | D:2      | Identified a potion of brilliance
  1438 | D:2      | Identified a potion of haste
  1499 | D:2      | Identified a potion of flight
  1500 | D:2      | Identified 2 scrolls of amnesia
  1501 | D:2      | Identified a scroll of blinking
  1673 | D:2      | Identified a scroll of summoning
  1750 | D:2      | Reached XP level 4. HP: 36/36 MP: 6/6
  1832 | D:3      | Identified 3 scrolls of teleportation
  1838 | D:3      | Identified a ring of ice
  1905 | D:3      | Identified a +0 mace
  1905 | D:3      | Identified a +0 leather armour
  1905 | D:3      | Identified a +0 dagger
  1905 | D:3      | Identified a +0 robe
  1905 | D:3      | Identified a +0 dagger
  1905 | D:3      | Identified a +0 leather armour
  1951 | D:3      | Reached skill level 3 in Crossbows
  1951 | D:3      | Reached skill level 2 in Spellcasting
  1951 | D:3      | Reached skill level 1 in Ice Magic
  2153 | D:3      | Learned a level 3 spell: Portal Projectile
  2227 | D:3      | Identified a +1 vampiric whip
  2265 | D:3      | Identified a +0 short sword
  2279 | D:3      | Identified a +0 spear
  2281 | D:3      | Identified a +0 spear
  2282 | D:3      | Identified a +0 club
  2304 | D:3      | Reached XP level 5. HP: 15/41 MP: 5/8
  2505 | D:3      | Identified a +0 dagger
  2775 | D:3      | Found a faded altar of an unknown god.
  2800 | D:3      | Identified a +0 club
  2961 | D:3      | Identified a +0 cloak
  3251 | D:3      | Identified a +0 club
  3300 | D:3      | Identified a +0 dagger
  3311 | D:3      | Identified a +0 chain mail
  3527 | D:4      | Identified a +0 spear
  3529 | D:4      | Identified a +0 whip
  3530 | D:4      | Identified a +0 spear
  3531 | D:4      | Identified a +0 whip
  3561 | D:4      | Reached skill level 4 in Crossbows
  3561 | D:4      | Reached skill level 2 in Ice Magic
  3571 | D:4      | Reached skill level 1 in Translocations
  3815 | D:4      | Reached XP level 6. HP: 44/48 MP: 9/9
  3823 | D:4      | Found a glowing golden altar of the Shining One.
  3829 | D:4      | Identified a +0 short sword
  3876 | D:4      | Identified a potion of curing
  3922 | D:4      | Identified a +0 dagger
  3943 | D:4      | Identified a +0 dagger
  3978 | D:4      | Identified a +0 club
  4074 | D:4      | Reached skill level 2 in Translocations
  4154 | D:4      | Identified a +0 dagger
  4268 | D:4      | Identified a potion of berserk rage
  4274 | D:4      | Identified a +0 flail
  4291 | D:4      | Identified a +0 robe
  4420 | D:4      | Reached skill level 5 in Crossbows
  4495 | D:4      | Identified a ring of wizardry
  4499 | D:4      | Identified 2 potions of degeneration
  4512 | D:4      | Identified a +0 dagger
  4641 | D:4      | Found Amawn's Neck Hole.
  4708 | D:4      | Identified a +0 leather armour
  4787 | D:5      | Entered Level 5 of the Dungeon
  4840 | D:5      | Identified a +0 falchion
  4840 | D:5      | Identified a +0 leather armour
  4840 | D:5      | Identified a +0 dagger
  4840 | D:5      | Identified a +0 robe
  4843 | D:5      | Identified a +0 hand axe
  4864 | D:5      | Your scales start taking on a pale cyan-grey colour.
  4864 | D:5      | Reached XP level 7. HP: 44/55 MP: 8/10
  4864 | D:5      | Gained mutation: You are immune to the effects of steam.
                  | [Pale Draconian growth]
  4964 | D:5      | Identified a +0 war axe
  4964 | D:5      | Identified a +0 ring mail
  4964 | D:5      | Identified a +0 hand axe
  4964 | D:5      | Identified a +0 chain mail
  4964 | D:5      | Identified a +2 dagger of draining
  4964 | D:5      | Identified a +0 ring mail
  4965 | D:5      | Identified a +0 club
  4965 | D:5      | Identified a +0 leather armour
  4970 | D:5      | Noticed a troll
  5001 | D:5      | Killed a troll
  5002 | D:5      | Reached skill level 6 in Crossbows
  5002 | D:5      | Reached skill level 3 in Spellcasting
  5007 | D:5      | Learned a level 4 spell: Cause Fear
  5102 | D:5      | Identified a +0 rapier
  5202 | D:5      | Identified the ring "Roupn" {rPois MP+9 Str+4}
  5292 | D:5      | Identified a +0 dagger
  5292 | D:5      | Identified a +0 robe
  5294 | D:5      | Identified a +0 hand axe
  5294 | D:5      | Identified a +0 leather armour
  5301 | D:5      | Identified a +0 hand axe
  5327 | D:5      | Identified a +0 dagger
  5521 | D:6      | Identified a +0 flail
  5521 | D:6      | Identified a +0 scale mail
  5521 | D:6      | Identified a +0 giant club
  5524 | D:6      | Identified a +0 club
  5524 | D:6      | Identified a +0 leather armour
  5644 | D:6      | Identified a +0 short sword
  5648 | D:6      | HP: 11/55 [ogre/+0 giant club (26)]
  5649 | D:6      | Slain by an ogre

Table legend: (Time is in decaauts)
 A = Elapsed time spent in this place.
 B = Non-inter-level travel time spent in this place.
 C = Inter-level travel time spent in this place.
 D = Time resting spent in this place.
 E = Time spent auto-exploring this place.
 F = Levels seen in this place.
 G = Mean time per level.
                   A        B        C        D        E       F      G
               +--------+--------+--------+--------+--------+-----+--------+
         Total |   5807 |   5667 |    140 |   2114 |   2496 |   6 |  967.8 |
       Dungeon |   5807 |   5667 |    140 |   2114 |   2496 |   6 |  967.8 |
               +--------+--------+--------+--------+--------+-----+--------+

Top non-repeatable levels by time:
     D:3: 1737 daAuts
     D:4: 1321 daAuts
     D:1: 954 daAuts
     D:2: 911 daAuts
     D:5: 865 daAuts
     D:6: 17 daAuts

Table legend:
 A = Kills in this place as a percentage of kills in entire the game.
 B = Kills by you in this place as a percentage of kills by you in the entire game.
 C = Kills by friends in this place as a percentage of kills by friends in the entire game.
 D = Other kills in this place as a percentage of other kills in the entire game.
 E = Experience gained in this place as a percentage of experience gained in the entire game.
 F = Experience gained in this place divided by the number of levels of this place that you have seen.
                   A       B       C       D       E      F
               +-------+-------+-------+-------+-------+----------------------
         Total | 100.0 | 100.0 |   N/A |   N/A | 100.0 | 225.0
       Dungeon | 100.0 | 100.0 |   N/A |   N/A | 100.0 | 225.0
               +-------+-------+-------+-------+-------+----------------------

Skill      XL: |  1  2  3  4  5  6  7 |
---------------+----------------------+-----
Crossbows      | 2 3 4 5 6 |  6.8
Dodging        | 2 |  2.0
Hexes          | 3 |  3.0
Fighting       | 2 |  2.0
Spellcasting   | 2 3 |  3.4
Ice Magic      | 1 2 |  2.0
Translocations | 1 2 |  2.0

Action                   |  1- 3 |  4- 6 |  7- 9 || total
-------------------------+-------+-------+-------++-------
Melee: Hand axe          |     4 |       |       ||     4
       Tailslap          |     2 |       |       ||     2
 Fire: Hand crossbow     |   134 |   286 |    80 ||   500
 Cast: Slow              |     9 |    25 |    11 ||    45
       Frozen Ramparts   |       |     2 |     4 ||     6
       Cause Fear        |       |       |     2 ||     2
 Abil: Breathe Steam     |       |       |     3 ||     3
  Use: Scroll            |     8 |     4 |       ||    12
       Potion            |       |       |     1 ||     1
Armor: Skin              |    28 |    73 |    40 ||   141
Dodge: Dodged            |    59 |   133 |    44 ||   236

Vanquished Creatures
  A troll (D:5)
  2 black bears
  A phantom (D:4)
  3 hounds
  2 iguanas
  3 orc wizards
  7 gnolls
  6 adders
  An ufetubus (D:5)
  2 worms (D:2)
  6 dart slugs
  15 orcs
  5 ball pythons
  12 endoplasms
  4 giant cockroaches
  7 goblins
  10 hobgoblins
  2 jackals (D:4)
  4 quokkas
  6 bats
  A frilled lizard (D:1)
  5 kobolds
  3 rats
108 creatures vanquished.
